 Dungeon Crawl Stone Soup version 0.13-a0-2505-g5f0fbe2 (webtiles) character file.

101 Rycklaryybbe the Sneak (level 3, 0/24 HPs)
             Began as a Vampire Enchanter on July 23, 2013.
             Succumbed to an adder's poison
             ... on Level 1 of the Dungeon.
             The game lasted 00:01:46 (667 turns).

Rycklaryybbe the Sneak (Vampire Enchanter)           Turns: 667, Time: 00:01:46

HP   0/24        AC  3     Str  8      XL: 3   Next:  1%
MP   3/6         EV 12     Int 17      God:
Gold 72          SH  0     Dex 14      Spells:  1 memorised,  3 levels left

Res.Fire  : . . .   See Invis. : +   a - +1 dagger {=f}
Res.Cold  : . . .   Warding    : .   b - +1 robe
Life Prot.: . . .   Conserve   : .   (no shield)
Res.Poison: .       Res.Corr.  : .   (no helmet)
Res.Elec. : .       Clarity    : .   (no cloak)
Sust.Abil.: . .     Spirit.Shd : .   (no gloves)
Res.Mut.  : .       Stasis     : .   (no boots)
Res.Rott. : .       Flight     : .   (no amulet)
Saprovore : . . .                    (no ring)
                                     (no ring)

@: regenerating quickly, confused, mildly poisoned, slightly resistant to
hostile enchantments, unstealthy
A: fangs 3, see invisible, unbreathing
a: no special abilities


You were on level 1 of the Dungeon.
You were full.

You visited 1 branch of the dungeon, and saw 2 of its levels.

You collected 52 gold pieces.

Inventory:

Hand weapons
 a - a +1,+1 dagger (weapon) {=f}
 k - a +1,+3 dwarven dagger
Missiles
 d - 12 darts (quivered)
Armour
 b - a +1 robe (worn)
Scrolls
 f - a scroll of remove curse {unknown}
 g - a scroll of enchant armour {unknown}
 i - a scroll of curse weapon {unknown}
 j - a scroll of fear {unknown}
Potions
 e - a potion of blood
Books
 c - a book of Maledictions

   Spells                             Type                      Level
   *Corona                            Hexes                        1
   Sure Blade                         Hexes/Charms                 2
   Ensorcelled Hibernation            Hexes/Ice                    2
   Confuse                            Hexes                        3
   Enslavement                        Hexes                        4
   Invisibility                       Hexes                        6


   Skills:
 - Level 1.1 Short Blades
 - Level 0.7 Throwing
 - Level 2.1 Dodging
 + Level 5.4 Stealth
 - Level 1.0 Spellcasting
 - Level 4.4 Hexes


You had 3 spell levels left.
You knew the following spells:

 Your Spells              Type           Power        Failure   Level  Hunger
a - Corona                Hex            ###....      3%          1    ##.....


Dungeon Overview and Level Annotations

Branches:
Dungeon (2/27)

Altars:


Innate Abilities, Weirdness & Mutations

Your natural rate of healing is unusually fast.
You have razor-sharp teeth.*
You have supernaturally acute eyesight.
You can survive without breathing.*


Message History

* * * LOW HITPOINT WARNING * * *
You feel sick.
You completely miss the adder. Your bite misses the adder.
The adder is severely wounded.
* * * LOW HITPOINT WARNING * * *
You feel sick. The adder closely misses you.
You hit the adder.
You kill the adder!
You have reached level 3!
Your experience leads to an increase in your attributes!
Increase (S)trength, (I)ntelligence, or (D)exterity?
You feel stronger.
If you weren't so full you could now transform into a vampire bat.
* * * LOW HITPOINT WARNING * * *
You feel sick.
You see here an adder corpse.
Drink which item? (? for menu, Esc to quit)
You are confused.
It was a potion of confusion.
You die...

...#######......# #.#####.#
..........#.....#
##.......#
.##......##.....#
#..#####.#
.##......########
#........# .##......#
#..#####.# .##..#...#
#........# .##..#...#
#####..#####.# .........#
#.>..........# ###......#
##@###..#####.#
######.######.#.###.......#
# #.......###..........# #
########.#.########### ##
##.## .# ### .# .# .#


There were no monsters in sight!

Vanquished Creatures
  An adder (D:1)
  A ball python (D:1)
  2 bats (D:1)
  5 giant cockroaches (D:1)
  5 goblins
  2 hobgoblins (D:1)
  2 giant newts (D:1)
  A rat (D:1)
19 creatures vanquished.

Notes
Turn   | Place    | Note
--------------------------------------------------------------
     0 | D:1      | Rycklaryybbe, the Vampire Enchanter, began the quest for the Orb.
     0 | D:1      | Reached XP level 1. HP: 13/13 MP: 4/4
   241 | D:1      | Reached XP level 2. HP: 19/19 MP: 5/5
   615 | D:1      | Reached skill level 5 in Stealth
   665 | D:1      | Reached XP level 3. HP: 2/24 MP: 3/6
   666 | D:1      | HP: 1/24 [poisoned by an adder]
   667 | D:1      | Succumbed to an adder's poison

Action                   || total
-------------------------++-------
Melee: Dagger            ||    75
 Cast: Corona            ||     3
  Use: Potion            ||     1
 Stab: Sleeping          ||     2
       Distracted        ||     1
